 Dungeon Crawl Stone Soup version 0.23-a0-556-g351818a (webtiles) character file.

2027 robertstho the Slinger (level 9, -10/58 HPs)
             Began as a Halfling Hunter on Dec 10, 2018.
             Was a Follower of Okawaru.
             Mangled by Harold
             ... wielding a cursed -2 war axe
              (21 damage)
             ... on level 7 of the Dungeon.
             The game lasted 00:12:12 (4396 turns).

robertstho the Slinger (Halfling Hunter)            Turns: 4396, Time: 00:12:12

Health: -10/58     AC: 10    Str: 12 (13) XL:     9   Next: 47%
Magic:  11/11      EV: 20    Int:  9      God:    Okawaru [*.....]
Gold:   121        SH:  0    Dex: 24 (25) Spells: 8/8 levels left

rFire    . . .     SeeInvis .   o - +5 hunting sling (flame)
rCold    . . .     Gourm    .   (shield restricted)
rNeg     . . .     Faith    .   h - +0 scale mail
rPois    .         Spirit   .   d - +1 helmet
rElec    .         Reflect  .   v - +0 cloak
rCorr    .         Harm     .   (no gloves)
MR       .....                  (no boots)
Stlth    +++.......             (no amulet)
HPRegen  0.19/turn              (no ring)
MPRegen  0.12/turn              (no ring)

@: agile, marked, very slightly contaminated, invisible
A: small, agile 1, deterioration 1, mutation resistance 1
a: Heroism, Renounce Religion


You were on level 7 of the Dungeon.
You worshipped Okawaru.
Okawaru was aware of your devotion.
You were hungry.

You visited 2 branches of the dungeon, and saw 8 of its levels.

You collected 311 gold pieces.
You spent 190 gold pieces at shops.

Inventory:

Hand Weapons
 b - a +2 whip of freezing
 o - a +5 hunting sling of flaming (weapon)
 p - a +2 whip of freezing
 s - a +1 short sword of holy wrath
 u - a +3 quarterstaff of chaos
Missiles
 e - 66 stones (quivered)
Armour
 c - a +0 leather armour
 d - a +1 helmet (worn)
 h - a +0 scale mail (worn)
 v - a +0 cloak (worn)
Jewellery
 l - an uncursed ring of flight {unknown}
Scrolls
 a - a scroll of remove curse {unknown}
 j - 11 scrolls of identify {unknown}
 m - 2 scrolls of enchant armour {unknown}
 q - a scroll of teleportation {unknown}
 w - a scroll of fog {unknown}
 x - 2 scrolls of immolation {unknown}
Potions
 g - a potion of brilliance
 i - a potion of lignification {unknown}
 k - a potion of resistance {unknown}
 r - a potion of invisibility
 t - a potion of might {unknown}
 z - a potion of cancellation {unknown}
Comestibles
 f - 10 rations


   Skills:
 + Level 4.0 Fighting
 + Level 1.0 Short Blades
 * Level 13.3 Slings
 + Level 2.9 Armour
 * Level 4.9 Dodging
 - Level 3.4 Stealth
 * Level 2.8 Invocations


You had 8 spell levels left.
You didn't know any spells.
Your spell library was empty.

Dungeon Overview and Level Annotations

Branches:
Dungeon (7/15)             Temple (1/1) D:5

Altars:
Cheibriados
Elyvilon
Gozag
Hepliaklqana
Kikubaaqudgha
Okawaru
Sif Muna
Yredelemnul
Zin
Beogh

Shops:
D:5 *

Annotations:
D:7 Harold


Innate Abilities, Weirdness & Mutations

You are small and have problems with some larger weapons.
You are somewhat resistant to further mutation.
You are agile. (Dex +2)
Your body sometimes deteriorates upon taking damage.


Message History

Press: ? - help, Shift-Dir - straight line, f/p - Harold
Aim: Harold, wielding a -2 war axe and wearing a +0 chain mail of fire You shoot a stone.
The stone hits Harold but does no damage.
Harold is almost dead.
Harold hits you with a cursed -2 war axe!
* * * LOW HITPOINT WARNING * * *
Your body deteriorates!
You feel weakened.
Firing (i - inventory)
e - 68 stones (quivered)
Press: ? - help, Shift-Dir - straight line, f/p - Harold
Aim: Harold, wielding a -2 war axe and wearing a +0 chain mail of fire You shoot a stone.
The stone barely misses Harold.
You hear the hiss of a distant avalanche of sand.
Firing (i - inventory)
e - 67 stones (quivered)
Press: ? - help, Shift-Dir - straight line, f/p - Harold
Aim: Harold, wielding a -2 war axe and wearing a +0 chain mail of fire You shoot a stone.
The stone hits Harold.
Harold is almost dead.
Harold hits you with a cursed -2 war axe!!
You die...

.# ## ### .# # #.# #.# #..
.# ....##>.# #.# #.# .#
###....... #.# #.##.##
#...##.# #.#...# ...#.#
##.#...# #...###(.....#
#..#..@@((((#
############...#......#
......................((>.
################...###....
#...# ..( #...# .. #...# .
#...#


You could see Harold.

Vanquished Creatures
  Pikel (D:5)
  Menkaure (D:5)
  A sky beast (D:6)
  2 slaves (D:5)
  2 ogres (D:5)
  2 centaurs
  A howler monkey (D:5)
  4 wights (D:7)
  2 crimson imps
  2 centaur zombies
  An orc priest (D:3)
  Crazy Yiuf (D:5)
  2 hounds
  A centaur skeleton (D:7)
  Terence (D:3)
  4 orc wizards (D:6)
  4 worker ants
  A hound skeleton (D:5)
  A howler monkey skeleton (D:5)
  6 gnolls
  8 adders
  A shadow imp (D:6)
  An ooze (D:2)
  2 adder skeletons
  3 worms (D:2)
  2 dart slugs (D:2)
  2 leopard geckos
  10 orcs
  2 ball pythons
  3 giant cockroaches
  2 gnoll zombies (D:5)
  6 goblins
  4 hobgoblins
  10 jackals
  4 quokkas
  A ball python skeleton (D:6)
  7 bats
  6 frilled lizards
  11 kobolds
  A leopard gecko skeleton (D:4)
  A quokka skeleton (D:6)
  10 rats
137 creatures vanquished.

Notes
Turn   | Place    | Note
-------+----------+-------------------------------------------
     0 | D:1      | robertstho the Halfling Hunter began the quest for the Orb.
     0 | D:1      | Reached XP level 1. HP: 14/14 MP: 1/1
    17 | D:1      | Reached skill level 6 in Slings
   141 | D:1      | Reached XP level 2. HP: 18/19 MP: 2/2
   646 | D:1      | Reached XP level 3. HP: 24/24 MP: 3/3
   765 | D:2      | Reached skill level 7 in Slings
  1045 | D:2      | Reached XP level 4. HP: 29/29 MP: 4/4
  1462 | D:3      | Reached skill level 8 in Slings
  1462 | D:3      | Reached XP level 5. HP: 31/34 MP: 5/5
  1784 | D:3      | Noticed Terence
  1796 | D:3      | Killed Terence
  1811 | D:3      | Found a roughly hewn altar of Beogh.
  1831 | D:3      | Reached XP level 6. HP: 34/39 MP: 6/6
  1848 | D:3      | Gained mutation: Your body sometimes deteriorates upon
                  | taking damage. [potion of mutation]
  1848 | D:3      | Gained mutation: You are agile. (Dex +2) [potion of
                  | mutation]
  2431 | D:4      | Reached skill level 9 in Slings
  2777 | D:5      | Entered Level 5 of the Dungeon
  2778 | D:5      | Found Ohaipime's Assorted Antiques.
  2787 | D:5      | Bought a potion of heal wounds for 100 gold pieces
  2787 | D:5      | Bought a runed hunting sling for 90 gold pieces
  2793 | D:5      | Found a white marble altar of Elyvilon.
  2871 | D:5      | Noticed a slave
  2871 | D:5      | Noticed a slave
  2872 | D:5      | Noticed a slave
  2873 | D:5      | Noticed a slave
  2875 | D:5      | Noticed Pikel
  2889 | D:5      | Reached skill level 1 in Armour
  2897 | D:5      | Killed a slave
  2903 | D:5      | Killed a slave
  2908 | D:5      | Killed Pikel
  2908 | D:5      | Reached skill level 11 in Slings
  2908 | D:5      | Reached XP level 7. HP: 45/46 MP: 7/7
  2908 | D:5      | Reached XP level 8. HP: 50/52 MP: 8/8
  2964 | D:5      | Found a runed door.
  3031 | D:5      | Found a hazy altar of Hepliaklqana.
  3044 | D:5      | Found a staircase to the Ecumenical Temple.
  3056 | Temple   | Entered the Ecumenical Temple
  3066 | Temple   | Became a worshipper of Warmaster Okawaru
  3127 | D:5      | Found a basalt altar of Yredelemnul.
  3264 | D:5      | Reached skill level 1 in Invocations
  3288 | D:5      | Noticed Menkaure
  3297 | D:5      | Killed Menkaure
  3297 | D:5      | Reached * piety under Okawaru
  3297 | D:5      | Reached skill level 12 in Slings
  3553 | D:5      | Noticed Crazy Yiuf
  3556 | D:5      | Killed Crazy Yiuf
  3672 | D:6      | Reached XP level 9. HP: 41/57 MP: 10/10
  3905 | D:6      | Reached skill level 13 in Slings
  3966 | D:6      | Found a deep blue altar of Sif Muna.
  4242 | D:7      | Reached ** piety under Okawaru
  4242 | D:7      | Reached skill level 1 in Short Blades
  4344 | D:7      | Noticed Harold
  4396 | D:7      | Mangled by Harold

Vault maps used:
D:1:      minmay_arrival_four_houses
D:3:      first_ration, kennysheep_orc_chapel, uniq_terence, uniq_sigmund
D:5:      lemuel_round_altar, lemuel_zombie_altar_yredelemnul,
          minmay_temple_entry_sparse_star, serial_shops, shop, elyvilon_altar_5,
          uniq_pikel, uniq_crazy_yiuf_cottage, uniq_menkaure
D:6:      lemuel_doored_altar
D:7:      nicolae_tso_swordbearing_angel, enter_ossuary_5, uniq_harold
Temple:   dpeg_three_leaves_temple

Skill      XL: |  1  2  3  4  5  6  7  8  9 |
---------------+----------------------------+-----
Slings         | 6 7 8 11 12 13 | 13.3
Fighting       | 2 3 4 |  4.0
Stealth        | 2 3 |  3.4
Dodging        | 3 4 |  4.9
Armour         | 1 2 |  2.9
Invocations    | 2 |  2.8
Short Blades   | 1 |  1.0

Action                   |  1- 3 |  4- 6 |  7- 9 || total
-------------------------+-------+-------+-------++-------
Melee: Short sword       |       |    12 |    22 ||    34
 Fire: Hunting sling     |   103 |   200 |   206 ||   509
Invok: Heroism           |       |       |     1 ||     1
  Use: Potion            |       |     6 |     3 ||     9
       Scroll            |       |     2 |       ||     2
  Eat: Chunk             |       |     2 |     4 ||     6
       Ration            |       |     1 |       ||     1
Armor: Leather armour    |     4 |     9 |       ||    13
       Scale mail        |       |    19 |    16 ||    35
Dodge: Dodged            |    18 |    55 |    31 ||   104

Table legend:
 A = Non-vault XP
 B = Vault XP
 C = Vault XP percentage of total XP
 D = Non-vault monster count
 E = Vault monster count
 F = Vault count percentage of total count
                 A         B        C        D         E       F
            +---------+---------+-------+---------+---------+-------
      Total |    1895 |    1001 |  34.6 |     127 |       8 |   5.9
            +---------+---------+-------+---------+---------+-------
        D:1 |      30 |       0 |   0.0 |      22 |       0 |   0.0
        D:2 |      97 |       0 |   0.0 |      31 |       0 |   0.0
        D:3 |      90 |      80 |  47.1 |      22 |       3 |  12.0
        D:4 |       7 |       0 |   0.0 |       3 |       0 |   0.0
        D:5 |     661 |     921 |  58.2 |      18 |       5 |  21.7
        D:6 |     688 |       0 |   0.0 |      25 |       0 |   0.0
        D:7 |     322 |       0 |   0.0 |       6 |       0 |   0.0
            +---------+---------+-------+---------+---------+-------
